 Dungeon Crawl Stone Soup version 0.29.1-1-gd02db6906a (webtiles) character file.

Game seed: 1455323229357182806

197 warriortoast the Conjurer (level 5, 0/22 (28) HPs)
             Began as a Deep Elf Conjurer on Oct 11, 2022.
             Slain by a necrophage (2 damage)
             ... on level 3 of the Dungeon.
             The game lasted 00:10:17 (3651 turns).

warriortoast the Conjurer (Deep Elf Conjurer)       Turns: 3651, Time: 00:10:18

HP:   0/22 (28)     AC:  3    Str:  4    XL:     5   Next: 46%
MP:   7/14          EV: 12    Int: 25    God:
Gold: 86            SH:  0    Dex: 13    Spells: 7/14 levels left

rFire   . . .      SeeInvis .   l - +2 dagger (protect)
rCold   . . .      Faith    .   (no shield)
rNeg    . . .      Spirit   .   a - +0 robe
rPois   .          Reflect  .   f - +1 hat
rElec   .          Harm     .   (no cloak)
rCorr   .          Rampage  .   (no gloves)
Will    .....                   (no boots)
Stlth   ++........              (no amulet)
HPRegen 0.07/turn               (no ring)
MPRegen 0.14/turn               (no ring)

@: heavily drained
A: no striking features
a: no special abilities


You were on level 3 of the Dungeon.
You visited 1 branch of the dungeon, and saw 4 of its levels.
You also visited: Sewer.

You collected 86 gold pieces.

Inventory:

Hand Weapons
 j - a +0 dagger of speed
 k - a +0 short sword
 l - a +2 dagger of protection (weapon)
Armour
 a - a +0 robe (worn)
 f - a +1 hat (worn)
Jewellery
 d - a +4 ring of protection
 g - a ring of magical power
Wands
 s - a wand of flame (9)
Scrolls
 i - a scroll of enchant weapon
Potions
 b - a potion of magic
 c - 2 potions of heal wounds
 e - a potion of resistance
 h - 3 potions of curing
 m - 3 potions of might
 n - a potion of cancellation {unknown}
 o - 2 potions of flight


   Skills:
 - Level 2.5 Dodging
 - Level 2.5 Stealth
 + Level 5.0 Spellcasting
 + Level 5.5 Conjurations
 + Level 2.7 Hexes
 - Level 1.8 Air Magic


You had 7 spell levels left.
You knew the following spells:

 Your Spells              Type           Power      Damage    Failure   Level
a - Magic Dart            Conj           100%       1d8       1%          1
b - Dazzling Flash        Conj/Hex       52%        N/A       4%          3
c - Swiftness             Air            15%        N/A       12%         3

Your spell library contained the following spells:

 Spells                   Type           Power      Damage    Failure   Level
 Searing Ray              Conj           68%        2d6       1%          2
 Ensorcelled Hibernation  Hex/Ice        26%        N/A       7%          2
 Passwall                 Tmut/Erth      5%         N/A       12%         2
 Sublimation of Blood     Necr           6%         N/A       12%         2
 Wereblood                Tmut           6%         N/A       12%         2
 Fulminant Prism          Conj/Hex       13%        3d9       16%         4
 Iskenderun's Mystic Bla  Conj/Tloc      20%        2d6       26%         4
 Summon Hydra             Summ           3%         N/A       100%        7


Dungeon Overview and Level Annotations

Branches:
Dungeon (4/15)              Sewer (visited)
 Temple: D:4-7

Altars:
Elyvilon

Shops:
D:1 [   D:4 =


Message History

The necrophage is moderately damaged.
The necrophage closely misses you.
Casting: Magic Dart (safe; 1% risk of failure)
Confirm with . or Enter, or press ? or * to list all spells.
Aiming: Magic Dart (safe; 1% risk of failure)
Press: ? - help, Shift-Dir - straight line, f/p - necrophage
Aim: a necrophage (moderately damaged, 100% to hit)
The magic dart hits the necrophage.
The necrophage is heavily damaged.
The necrophage hits you.
* * * LOW HITPOINT WARNING * * *
You feel drained.
* * * LOW HITPOINT WARNING * * *
Unknown command.
Casting: Magic Dart (safe; 1% risk of failure)
Confirm with . or Enter, or press ? or * to list all spells.
Aiming: Magic Dart (safe; 1% risk of failure)
Press: ? - help, Shift-Dir - straight line, f/p - necrophage
Aim: a necrophage (heavily damaged, 100% to hit)
The magic dart hits the necrophage.
The necrophage is severely damaged.
The necrophage closely misses you.
Casting: Magic Dart (safe; 1% risk of failure)
Confirm with . or Enter, or press ? or * to list all spells.
Aiming: Magic Dart (safe; 1% risk of failure)
Press: ? - help, Shift-Dir - straight line, f/p - necrophage
Aim: a necrophage (severely damaged, 100% to hit)
The magic dart hits the necrophage but does no damage.
The necrophage is severely damaged.
The necrophage hits you.
* * * LOW HITPOINT WARNING * * *
Casting: Magic Dart (safe; 1% risk of failure)
Confirm with . or Enter, or press ? or * to list all spells.
Aiming: Magic Dart (safe; 1% risk of failure)
Press: ? - help, Shift-Dir - straight line, f/p - necrophage
Aim: a necrophage (severely damaged, 100% to hit)
The magic dart hits the necrophage but does no damage.
The necrophage is severely damaged.
The necrophage hits you.
You die...

###############
#.............########
#.####...............# #.#
#.######.######.# #.####.# #.#
#.# #....((# #.# #.#
#..##########.# #.# #..#
#......@# #.# #..# #.####n.#
#.# #..# #.# #..# ##.##
#..####.# #.<# ##.#.## ###
#.(...#.# #..####.###.# #..
#.#...#.####........#.######.#
#..###........####.#.##.......
##.# #..######...............#
##.###.## #.#####.#########


You could see a necrophage.

Vanquished Creatures
  A kobold brigand (Sewer)
  3 adders
  A river rat (Sewer)
  2 worms
  2 dart slugs (D:1)
  An orc (D:3)
  7 ball pythons
  5 bats
  4 endoplasms
  2 giant cockroaches
  7 goblins
  8 hobgoblins
  5 jackals
  6 quokkas
  2 frilled lizards
  14 kobolds
  11 rats
81 creatures vanquished.

Vanquished Creatures (others)
  A butterfly (D:3)
1 creature vanquished.

Grand Total: 82 creatures vanquished

Notes
Turn   | Place    | Note
-------+----------+-------------------------------------------
     0 | D:1      | warriortoast the Deep Elf Conjurer began the quest for the
                  | Orb.
     0 | D:1      | Reached XP level 1. HP: 10/10 MP: 6/6
    63 | D:1      | Found Toafosek's Armour Shop.
   252 | D:1      | You fall into a shaft and drop 1 floor!
   258 | D:2      | Reached XP level 2. HP: 15/15 MP: 5/8
   930 | D:1      | Reached XP level 3. HP: 19/19 MP: 4/10
   934 | D:1      | Learned a level 3 spell: Dazzling Flash
  1102 | D:1      | Found a faded altar of an unknown god.
  1156 | D:2      | Reached skill level 5 in Conjurations
  1510 | D:2      | Learned a level 3 spell: Swiftness
  1709 | D:2      | Reached skill level 1 in Hexes
  2089 | D:3      | Reached XP level 4. HP: 24/24 MP: 7/12
  2216 | D:3      | Reached skill level 1 in Air Magic
  2225 | D:3      | Found a glowing drain.
  2245 | Sewer    | Entered a sewer
  2355 | Sewer    | Noticed a kobold brigand
  2366 | Sewer    | Killed a kobold brigand
  2367 | Sewer    | Reached XP level 5. HP: 24/28 MP: 1/14
  2486 | Sewer    | Found a white marble altar of Elyvilon.
  3208 | D:3      | Reached skill level 5 in Spellcasting
  3370 | D:3      | Found a white marble altar of Elyvilon.
  3560 | D:4      | Found Xonacsy's Jewellery Shop.
  3624 | D:4      | Noticed a phantom
  3651 | D:3      | Slain by a necrophage

Illustrated notes

Levels and vault maps discovered:
D:1:      psy_arrival_heroes, layout_basic,
          hellmonk_ecumenical_altar_pennies_from_heaven, serial_shops,
          nicolae_lakefront_shop
D:2:      layout_basic, st_stairs_14
D:3:      layout_loops_ring, nicolae_elyvilon_peaceful_grove,
          gup_sewer_entry_bowl, roderic_lattice_a
D:4:      wad_crossroads, layout_rooms, mainiacjoe_overflow_six_doors_small,
          serial_shops, nicolae_shop_window_shopping, nicolae_shop_clearance

Skill      XL: |  1  2  3  4  5 |
---------------+----------------+-----
Spellcasting   | 4 5 |  5.0
Conjurations   | 5 |  5.5
Hexes          | 1 2 |  2.7
Air Magic      | 1 |  1.8
Dodging        | |  2.5
Stealth        | |  2.5

Action                   |  1- 3 |  4- 6 || total
-------------------------+-------+-------++-------
Melee: Dagger            |       |     2 ||     2
 Cast: Magic Dart        |    85 |    69 ||   154
  Use: Scroll            |     6 |     3 ||     9
Armor: Robe              |     2 |     4 ||     6
Dodge: Dodged            |       |     8 ||     8
